 Dungeon Crawl Stone Soup version 0.24.0-13-gcf9b3192b9 (webtiles) character file.

Game seed: 17233097948986558215, levelgen mode: deterministic

2361 Linguinho the Grappler (level 9, 0/88 HPs)
             Began as a Troll Fighter on Nov 10, 2019.
             Slain by an orc warrior
             ... wielding a +0 glaive
              (19 damage)
             ... in a bailey.
             The game lasted 00:10:05 (6843 turns).

Linguinho the Grappler (Troll Fighter)              Turns: 6843, Time: 00:10:06

Health: 0/88       AC:  8    Str: 26    XL:     9   Next: 21%
Magic:  8/8        EV: 10    Int:  4    God:
Gold:   493        SH: 11    Dex: 17    Spells: 8/8 levels left

rFire    . . .     SeeInvis .   a - +0 spear (flame)
rCold    + + .     Gourm    +   b - +0 shield
rNeg     . . .     Faith    .   l - +1 robe {rC+ rF+}
rPois    +         Spirit   .   (helmet restricted)
rElec    .         Reflect  .   y - +0 cloak
rCorr    .         Harm     .   (gloves unavailable)
MR       .....                  (boots unavailable)
Stlth    ++........             (no amulet)
HPRegen  0.64/turn              n - ring of Turriog {rPois Dex+5}
MPRegen  0.11/turn              m - ring of ice

@: no status effects
A: large, unfitting armour, claws 3, fast metabolism 3, gourmand, regeneration
1, shaggy fur 1, tough skin 3
a: no special abilities


You were in a bailey.
You were full.

You visited 2 branches of the dungeon, and saw 9 of its levels.
You also visited: Sewer and Bailey.

You collected 625 gold pieces.
You spent 132 gold pieces at shops.

Inventory:

Hand Weapons
 a - a +0 spear of flaming (weapon)
Missiles
 r - 6 javelins (quivered)
 D - a throwing net
Armour
 b - a +0 shield (worn)
 l - a +1 robe of resistance (worn)
 y - a +0 cloak (worn)
 B - a +0 large shield
Jewellery
 m - a ring of ice (right claw)
 n - the ring of Turriog (left claw) {rPois Dex+5}
   (You found it on level 8 of the Dungeon)

   [ring of poison resistance]

   It affects your dexterity (+5).
   It protects you from poison.
Scrolls
 f - 10 scrolls of remove curse
 g - a scroll of fear {unknown}
 i - 4 scrolls of teleportation
 k - 2 scrolls of fog {unknown}
 p - 2 scrolls of enchant weapon {unknown}
 q - a scroll of magic mapping {unknown}
 v - a scroll of noise {unknown}
 x - 2 scrolls of immolation {unknown}
 C - a scroll of random uselessness {unknown}
Potions
 c - 4 potions of might
 e - 13 potions of heal wounds
 j - 6 potions of lignification
 o - 3 potions of agility
 s - 2 potions of flight
 t - 2 potions of haste
 w - 5 potions of curing
 z - a potion of invisibility
 E - a potion of mutation {unknown}
Comestibles
 d - 11 rations


   Skills:
 + Level 5.1 Fighting
 - Level 2.4 Dodging
 * Level 7.0 Shields
 * Level 8.1 Unarmed Combat


You had 8 spell levels left.
You didn't know any spells.
Your spell library was empty.

Dungeon Overview and Level Annotations

Branches:
Dungeon (8/15)             Temple (1/1) D:5           Sewer (visited)
 Bailey (1/1)
   Lair: D:8-11

Altars:
Ashenzari
Cheibriados
Dithmenos
Elyvilon
Fedhas
Gozag
Hepliaklqana
Kikubaaqudgha
Nemelex Xobeh
Okawaru
Ru
Sif Muna
Trog
Uskayaw
Vehumet
Wu Jian
Xom
Yredelemnul

Shops:
D:4 !


Innate Abilities, Weirdness & Mutations

You are too large for most types of armour.
You have claws for hands.
Your metabolism is lightning-fast.
You like to eat raw meat.
Your natural rate of healing is unusually fast.
You are covered in fur. (AC +1)
You have extremely tough skin. (AC +3)


Message History

You are too injured to fight recklessly!
You are too injured to fight recklessly!
Attack whom?
Press: ? - help, Dir - move target cursor, f/p - orc warrior
Aim: an orc warrior, wielding a +0 glaive and wearing a +0 chain mail (severely wounded)
You reach to attack!
You hit the orc warrior but do no damage.
The orc warrior is severely wounded.
The orc warrior hits you from afar with a +0 glaive!
* * * LOW HITPOINT WARNING * * *
Attack whom?
Press: ? - help, Dir - move target cursor, f/p - orc warrior
Aim: an orc warrior, wielding a +0 glaive and wearing a +0 chain mail (severely wounded)
You reach to attack!
You closely miss the orc warrior.
The orc warrior is severely wounded.
The orc warrior hits you from afar with a +0 glaive!
* * * LOW HITPOINT WARNING * * *
The orc warrior hits you but does no damage.
The orc warrior hits you from afar with a +0 glaive!!
You die...

#..... #..≈≈≈≈
##..≈≈...
##########..≈≈..#
#..........≈≈..#
#.≈≈≈≈≈≈≈≈≈≈..##
#.≈o.......).##
#.≈.##########
#@≈.##...
#.≈..##...
#.≈≈).##.#+
##.≈≈..#+#
#∩.≈≈..# #.≈≈..##
#.≈..## #.≈.##
#.≈.#########+
##+


You could see an orc warrior.

Vanquished Creatures
  A phantom (D:6)
  2 orc warriors
  2 centaurs
  2 ogres
  3 big kobolds
  A bullfrog (D:7)
  5 scorpions
  8 wights
  A crimson imp (D:4)
  A bullfrog zombie (D:8)
  2 orc priests
  A hound (D:7)
  A jelly (D:7)
  Crazy Yiuf (D:4)
  A bullfrog skeleton (D:7)
  2 orc wizards
  2 iguanas
  8 worker ants
  A worker ant zombie (D:6)
  Robin (D:4)
  4 gnolls (D:5)
  6 adders
  3 river rats (Sewer)
  2 shadow imps
  4 worms
  An adder skeleton (D:7)
  4 dart slugs
  4 leopard geckos
  26 orcs
  12 bats
  3 giant cockroaches (D:3)
  17 goblins
  9 hobgoblins
  A jackal (D:3)
  5 quokkas
  7 ball pythons
  5 frilled lizards
  46 kobolds
  A leopard gecko zombie (D:7)
  A quokka skeleton (D:7)
  29 rats
236 creatures vanquished.

Notes
Turn   | Place    | Note
-------+----------+-------------------------------------------
     0 | D:1      | Linguinho the Troll Fighter began the quest for the Orb.
     0 | D:1      | Reached XP level 1. HP: 22/22 MP: 0/0
    95 | D:1      | Reached XP level 2. HP: 29/29 MP: 1/1
   827 | D:2      | Reached XP level 3. HP: 36/36 MP: 2/2
   961 | D:2      | Reached skill level 3 in Unarmed Combat
  1012 | D:2      | Reached XP level 4. HP: 44/44 MP: 3/3
  1062 | D:2      | Found an opulent altar of Gozag.
  1285 | D:3      | Found a glowing drain.
  1303 | Sewer    | Entered a sewer
  1341 | Sewer    | Noticed a big kobold
  1352 | Sewer    | Killed a big kobold
  1352 | Sewer    | Reached XP level 5. HP: 45/53 MP: 4/4
  1396 | Sewer    | Reached skill level 4 in Unarmed Combat
  1668 | Sewer    | Reached XP level 6. HP: 61/61 MP: 5/5
  2561 | D:4      | Found a white marble altar of Elyvilon.
  2636 | D:4      | Reached skill level 5 in Unarmed Combat
  2718 | D:4      | Noticed Robin
  2727 | D:4      | Reached XP level 7. HP: 59/67 MP: 6/6
  2758 | D:4      | Killed Robin
  2786 | D:4      | Found a runed translucent door.
  2787 | D:4      | Noticed Crazy Yiuf
  2940 | D:4      | Found Cuvenem's Distillery.
  2943 | D:4      | Bought a potion of curing for 36 gold pieces
  2943 | D:4      | Bought a potion of lignification for 36 gold pieces
  2943 | D:4      | Bought a potion of degeneration for 12 gold pieces
  2943 | D:4      | Bought a potion of agility for 48 gold pieces
  3399 | D:4      | Killed Crazy Yiuf
  3429 | D:5      | Entered Level 5 of the Dungeon
  3538 | D:5      | Reached skill level 5 in Shields
  3583 | D:5      | Found a staircase to the Ecumenical Temple.
  3704 | Temple   | Entered the Ecumenical Temple
  4302 | D:5      | Reached skill level 6 in Unarmed Combat
  4378 | D:5      | Reached XP level 8. HP: 59/78 MP: 7/7
  4506 | D:5      | Found an ornate altar of the Wu Jian Council.
  4901 | D:6      | Found an ancient bone altar of Kikubaaqudgha.
  5079 | D:6      | Found a sacrificial altar of Ru.
  5298 | D:6      | Reached skill level 7 in Unarmed Combat
  6081 | D:7      | Reached skill level 5 in Fighting
  6081 | D:7      | Reached XP level 9. HP: 78/88 MP: 8/8
  6355 | D:8      | Reached skill level 8 in Unarmed Combat
  6360 | D:8      | Found a flagged portal.
  6385 | D:8      | Got a steaming bronze ring
  6406 | D:8      | Identified the ring of Turriog {rPois Dex+5} (You found it
                  | on level 8 of the Dungeon)
  6410 | Bailey   | Entered a bailey
  6843 | Bailey   | Slain by an orc warrior

Levels and vault maps discovered:
D:1:      dpeg_arrival_rooms_c, layout_basic, minmay_misc_feat_enclosed,
          minmay_strange_pillars
D:2:      layout_rooms, nicolae_gozag_cash_rules_everything_around_me,
          first_ration
D:3:      wad_river_or_something, layout_rooms, cheibrodos_sewer_entry_drain
D:4:      layout_basic, overflow_temple_1_default, serial_shops,
          kennysheep_mini_moat, minmay_fractal_squares_gapless_5,
          uniq_crazy_yiuf_cottage, uniq_robin
D:5:      minmay_goblin_kobold_castle, layout_loops_cross,
          lemuel_coloured_pillars_altar, minmay_temple_entry_arrows,
          grunt_decor_mini_mirrors
D:6:      layout_loops_ring, nicolae_ru_the_path_less_chosen,
          kiku_gazebo_pond_becter
D:7:      layout_cave_pods
D:8:      layout_rooms, grunt_temple_overflow_order_and_chaos_2, serial_shops,
          shop, enter_bailey_2, hangedman_pestilent_swarm, uniq_grum,
          uniq_joseph
Temple:   cyrus_circular_temple
Bailey:   bailey_polearm_1, bailey

Skill      XL: |  1  2  3  4  5  6  7  8  9 |
---------------+----------------------------+-----
Shields        | 3 4 5 6 7 |  7.0
Unarmed Combat | 3 4 5 6 7 8 |  8.1
Fighting       | 3 4 5 |  5.1
Dodging        | |  2.4

Action                   |  1- 3 |  4- 6 |  7- 9 || total
-------------------------+-------+-------+-------++-------
Melee: Unarmed           |   106 |   267 |   276 ||   649
       Spear             |       |       |   132 ||   132
  Use: Scroll            |       |       |     7 ||     7
 Stab: Sleeping          |     2 |     2 |     2 ||     6
  Eat: Chunk             |    15 |    16 |    36 ||    67
Armor: Robe              |    42 |   135 |    62 ||   239
Dodge: Dodged            |    40 |    96 |   114 ||   250
Block: Shield            |    66 |   179 |   189 ||   434
